 Dungeon Crawl Stone Soup version 0.23-a0-677-g07611c5723 (webtiles) character file.

1633 Adamkad1 the Cleaver (level 8, -2/73 HPs)
             Began as a Gargoyle Fighter on Jan 10, 2019.
             Killed by divine providence
             ... invoked by an orc priest
              (13 damage)
             ... on level 7 of the Dungeon.
             The game lasted 00:09:04 (6823 turns).

Adamkad1 the Cleaver (Gargoyle Fighter)             Turns: 6823, Time: 00:09:05

Health: -2/73      AC: 27    Str: 22    XL:     8   Next: 98%
Magic:  8/8        EV:  2    Int:  9    God:
Gold:   341        SH: 10    Dex: 14    Spells: 7/7 levels left

rFire    . . .     SeeInvis .   a - +0 war axe
rCold    . . .     Gourm    .   c - +0 shield
rNeg     + + +     Faith    .   (armour currently unavailable)
rPois    ∞         Spirit   .   (helmet currently unavailable)
rElec    .         Reflect  .   (cloak currently unavailable)
rCorr    .         Harm     .   (gloves currently unavailable)
MR       .....     NoTele   +   (boots currently unavailable)
Stlth    ++........             (no amulet)
HPRegen  0.22/turn              u - +3 ring of protection
MPRegen  0.11/turn              (no ring)

@: agile, tree-form, berserk cooldown, very slightly contaminated, hasted and
slowed
A: negative energy resistance 1, petrification resistance, rot immunity, AC +5
a: no special abilities


You were on level 7 of the Dungeon.
You were hungry.
You were a tree.
You visited 1 branch of the dungeon, and saw 7 of its levels.

You collected 341 gold pieces.

Inventory:

Hand Weapons
 a - a +0 war axe (weapon)
Armour
 c - a +0 shield (worn)
 r - a +4 ring mail (melded)
 y - a +0 cloak (melded)
Jewellery
 u - a +3 ring of protection (left branch)
Scrolls
 h - 4 scrolls of magic mapping
 j - 3 scrolls of enchant armour {unknown}
 k - 4 scrolls of amnesia {unknown}
 l - 4 scrolls of noise {unknown}
 m - 2 scrolls of identify {unknown}
 n - 4 scrolls of teleportation {unknown}
 o - a scroll of fear {unknown}
 p - 4 scrolls of remove curse {unknown}
 t - a scroll of immolation {unknown}
 x - a scroll of enchant weapon {unknown}
Potions
 d - 4 potions of might
 g - a potion of agility
 i - a potion of curing
 q - 2 potions of flight
Comestibles
 f - 10 rations


   Skills:
 + Level 5.0 Fighting
 * Level 8.5 Axes
 + Level 5.1 Armour
 + Level 5.1 Shields


You had 7 spell levels left.
You didn't know any spells.
Your spell library was empty.

Dungeon Overview and Level Annotations

Branches:
Dungeon (7/15)             Temple (0/1) D:7

Altars:
Ashenzari
Fedhas
Hepliaklqana
Ru
Sif Muna
The Shining One

Annotations:
D:4 3 runed doors, yrara's ghost, amateur DsFi


Innate Abilities, Weirdness & Mutations

You are resistant to torment.
((Your stone body is resilient. (AC +5)))
You are immune to poison.
You resist negative energy. (rN+)
((You are resistant to electric shocks. (rElec)))
((You can survive without breathing.))
You are immune to petrification.
You are immune to rotting.


Message History

The orc warrior hits you but does no damage.
The crimson imp blinks!
The orc warrior hits you but does no damage.
It was a potion of haste.
You feel yourself speed up.
The orc warrior hits you but does no damage.
You feel better.
Okay, then.
You cannot move.
There are no items here.
The orc warrior hits you but does no damage.
The orc priest calls down the wrath of Beogh upon you.
Beogh smites you!
* * * LOW HITPOINT WARNING * * *
Unknown command.
You feel better.
You hear the brisk hiss of a distant avalanche of sand.
The orc warrior hits you but does no damage.
The orc priest calls down the wrath of Beogh upon you.
Beogh smites you!
You die...

*,* *,* #.# *,* *,* *,* #.#
***,* *,* *,* #o# *,,,* *,*
*,* #.# *,*** *,** *,* #o#
***,* *,,*****,* #o# **,8,**
,,,,,,,,,* #o# *****,,,,,*
,,,,,,,,,########.#
*,,,,8,>,8*
,,,,,,,,,.......♣.#
*,***,,,,,*
,*,****,*########## *,*
**,8,** ,*,* *,***** *,*
*,,*** ,*,****,,,,,*
**,***,** **,,,,,,,**,*
*,,,,,,* *******,**,**
***,,,****
**,*,,,,******,,,,,,,****
*,***,*,,,,,,,,,,,,,,,,,****
**,*,,,,******,,,,,,,,,,,,,,


You could see an orc warrior, an orc priest, an orc wizard and an orc.

Vanquished Creatures
  An orc warrior (D:6)
  A sky beast (D:5)
  An ice beast (D:7)
  A phantom (D:7)
  2 ogres (D:5)
  2 centaurs
  Blork the orc (D:6)
  A bullfrog (D:5)
  A scorpion (D:6)
  A howler monkey (D:4)
  A bullfrog zombie (D:7)
  An orc priest (D:4)
  2 jellies
  2 orc wizards
  2 iguanas
  5 worker ants
  2 hound zombies
  A hound skeleton (D:7)
  A howler monkey zombie (D:6)
  A worker ant zombie (D:4)
  8 adders
  11 gnolls
  A shadow imp (D:6)
  An ooze (D:3)
  3 worms
  3 dart slugs
  3 leopard geckos
  12 orcs
  A ball python (D:1)
  10 bats
  6 giant cockroaches
  4 hobgoblins
  6 jackals
  3 quokkas
  5 frilled lizards
  10 goblins
  9 kobolds
  7 rats
133 creatures vanquished.

Notes
Turn   | Place    | Note
-------+----------+-------------------------------------------
     0 | D:1      | Adamkad1 the Gargoyle Fighter began the quest for the Orb.
     0 | D:1      | Reached XP level 1. HP: 14/14 MP: 1/1
   175 | D:1      | Reached skill level 2 in Axes
   277 | D:1      | Reached XP level 2. HP: 19/19 MP: 2/2
   908 | D:2      | Reached XP level 3. HP: 21/23 MP: 3/3
  1036 | D:2      | Reached skill level 3 in Axes
  1245 | D:2      | Reached XP level 4. HP: 28/28 MP: 4/4
  1316 | D:2      | Found a deep blue altar of Sif Muna.
  1811 | D:3      | Found a blossoming altar of Fedhas.
  1854 | D:3      | Reached skill level 4 in Axes
  2001 | D:2      | Reached XP level 5. HP: 4/32 MP: 5/5
  2503 | D:3      | Found a glowing golden altar of the Shining One.
  2611 | D:4      | Reached skill level 5 in Axes
  2967 | D:3      | Reached XP level 6. HP: 29/37 MP: 6/6
  3372 | D:4      | Found a runed gate.
  3382 | D:4      | Found a runed gate.
  3382 | D:4      | Found a runed gate.
  3690 | D:4      | Noticed yrara's ghost (amateur DsFi)
  3692 | D:4      | Noticed an ice beast
  3719 | D:5      | Entered Level 5 of the Dungeon
  3753 | D:5      | Reached skill level 6 in Axes
  4059 | D:5      | Reached XP level 7. HP: 37/41 MP: 7/7
  4324 | D:5      | Reached skill level 7 in Axes
  4685 | D:5      | Found a shattered altar of Ashenzari.
  5163 | D:5      | Reached XP level 8. HP: 36/48 MP: 8/8
  5504 | D:6      | Noticed Blork the orc
  5523 | D:6      | Killed Blork the orc
  5913 | D:5      | Found a sacrificial altar of Ru.
  5971 | D:6      | Reached skill level 8 in Axes
  6533 | D:6      | Found a hazy altar of Hepliaklqana.
  6744 | D:7      | Reached skill level 5 in Fighting
  6744 | D:7      | Reached skill level 5 in Armour
  6744 | D:7      | Reached skill level 5 in Shields
  6822 | D:7      | HP: 3/73 [orc priest/divine providence (15)]
  6823 | D:7      | Killed from afar by an orc priest

Vault maps used:
D:1:      co_arrival_random_square_maze
D:2:      led_sif_pool, first_ration, minmay_misc_feat_ornament
D:3:      fedhas_altar_1, tso_oasis_becter
D:4:      gammafunk_ghost_icy
D:5:      nicolae_overflow_hidden_temple
D:6:      marbit_many_paths, hangedman_abyss_or_decor_stagger,
          uniq_blork_the_orc
D:7:      minmay_temple_entry_statues_pillars, basic_altar,
          nicolae_ossuary_entry_ruins, uniq_menkaure, uniq_joseph

Skill      XL: |  1  2  3  4  5  6  7  8 |
---------------+-------------------------+-----
Axes           | 2 3 4 5 6 7 8 |  8.5
Fighting       | 5 |  5.0
Armour         | 5 |  5.1
Shields        | 5 |  5.1

Action                   |  1- 3 |  4- 6 |  7- 9 || total
-------------------------+-------+-------+-------++-------
Melee: War axe           |   156 |   231 |   233 ||   620
  Use: Potion            |       |     1 |     9 ||    10
       Scroll            |       |       |     4 ||     4
  Eat: Chunk             |     1 |     7 |     8 ||    16
       Ration            |       |     1 |       ||     1
Armor: Scale mail        |   102 |   144 |       ||   246
       Ring mail         |       |    27 |   134 ||   161
       Skin              |       |       |    12 ||    12
Dodge: Dodged            |    51 |    95 |    75 ||   221
Block: Shield            |    96 |   160 |   120 ||   376

Table legend:
 A = Non-vault XP
 B = Vault XP
 C = Vault XP percentage of total XP
 D = Non-vault monster count
 E = Vault monster count
 F = Vault count percentage of total count
                 A         B        C        D         E       F
            +---------+---------+-------+---------+---------+-------
      Total |    2226 |     107 |   4.6 |     131 |       2 |   1.5
            +---------+---------+-------+---------+---------+-------
        D:1 |      23 |       0 |   0.0 |      16 |       0 |   0.0
        D:2 |     113 |       0 |   0.0 |      28 |       0 |   0.0
        D:3 |     213 |       0 |   0.0 |      34 |       0 |   0.0
        D:4 |     178 |       0 |   0.0 |       9 |       0 |   0.0
        D:5 |     768 |      13 |   1.7 |      14 |       1 |   6.7
        D:6 |     493 |      94 |  16.0 |      24 |       1 |   4.0
        D:7 |     438 |       0 |   0.0 |       6 |       0 |   0.0
            +---------+---------+-------+---------+---------+-------
